 Dungeon Crawl Stone Soup version 0.32-a0-630-g46d191b0ed (webtiles) character file.

Game seed: 16673548295938923513

1185 ezpacito the Trooper (level 8, -4/61 HPs)
             Began as a Coglin Chaos Knight on Mar 6, 2024.
             Was a Plaything of Xom.
             Slain by Menkaure (13 damage)
             ... on level 5 of the Dungeon.
             The game lasted 00:07:02 (3777 turns).

ezpacito the Trooper (Coglin Chaos Knight)          Turns: 3777, Time: 00:07:03

Health: -4/61      AC: 12    Str: 14    XL:     8   Next: 42%
Magic:  11/11      EV: 12    Int: 11    God:    Xom [......]
Gold:   94         SH:  0    Dex: 13    Spells: 11/11 levels left

rFire   . . .        a - +1 hand axe (chaos) {Publia}
rCold   + . .        g - +2 dagger (protect) {Teghnoor}
rNeg    . . .        k - +2 leather armour {rC+}
rPois   .            (helmet restricted)
rElec   .            (no cloak)
rCorr   .            j - +0 pair of gloves
SInv    .            (no boots)
Will    .....        (amulet unavailable)
Stlth   ++           (ring unavailable)
HPRegen 0.30/turn    (ring unavailable)
MPRegen 0.12/turn    (no gizmo)

%: clarity
@: under a protective aura, attractive, revved
A: off-hand wielding, slow wielding, warmup strikes, no jewellery, horns 1,
clarity, deformed body, weak 1, devolution 1
a: Invent Gizmo, Renounce Religion


You were on level 5 of the Dungeon.
You worshipped Xom.
You were a very special plaything of Xom.
You visited 1 branch of the dungeon, and saw 5 of its levels.

You collected 146 gold pieces.
You spent 52 gold pieces at shops.

Inventory:

Hand Weapons
 a - a +1 hand axe of chaos (weapon) {Publia}
 g - a +2 dagger of protection (offhand) {Teghnoor}
 h - a +0 spear
 n - a +0 war axe
Missiles
 e - a throwing net (quivered)
 f - 11 poisoned darts
 i - a boomerang
Armour
 j - a +0 pair of gloves (worn)
 k - a +2 leather armour of cold resistance (worn)
Wands
 c - a wand of polymorph (21)
Scrolls
 d - 3 scrolls of poison
 t - 2 scrolls of teleportation
Potions
 l - 2 potions of cancellation
 m - a potion of attraction


   Skills:
 * Level 4.9 Fighting
 * Level 4.8(5.2) Axes
 + Level 2.5(3.8) Polearms
 * Level 4.0 Armour
 * Level 3.6 Dodging
 + Level 2.2 Stealth
 + Level 2.0 Spellcasting
 + Level 2.8 Evocations


You had 11 spell levels left.
You didn't know any spells.
Your spell library contained the following spells:

 Spells                   Type           Power      Damage    Failure   Level
 Foxfire                  Conj/Fire      4%         2x1d4     34%         1
 Mercury Vapours          Alch/Air       2%         N/A       47%         2
 Mephitic Cloud           Conj/Alch/Air  1%         N/A       71%         3
 Freezing Cloud           Conj/Ice/Air   0%         6-21      100%        5
 Plasma Beam              Fire/Air       0%         2x1d10    100%        6
 Starburst                Conj/Fire      0%         6d3       100%        6


Dungeon Overview and Level Annotations

Branches:
Dungeon (5/15)
 Temple: D:4-7

Altars:
Nemelex Xobeh
Qazlal

Shops:
D:3 [?!=

Annotations:
D:5 Menkaure


Innate Abilities, Weirdness & Mutations

You can wield a second weapon in your off-hand.
It takes a long time for you to wield or remove held weapons.
Your first few attacks do less damage.
You cannot equip rings or amulets.
You have a pair of small horns on your head.
You possess an exceptional clarity of mind.
Armour fits poorly on your strangely shaped body.
You are weak. (Str -2)
You have hidden genetic defects.


Message History

You kill the white imp!
Menkaure calls on the powers of darkness!
Your body is wracked with pain!
You take 28 damage, and have 30/61 hp.
MASSIVE DAMAGE!!
You are too injured to fight recklessly!
You are too injured to fight recklessly!
You are too injured to fight recklessly!
Menkaure is nearby!
Okay, then.
It was a potion of attraction.
You feel attractive to monsters. Menkaure is attracted toward you.
You hit Menkaure with your +1 hand axe of chaos.
Menkaure convulses.
Menkaure is moderately damaged.
You hit Menkaure but do no damage.
Menkaure calls on the powers of darkness!
Your body is wracked with pain!
* * * LOW HITPOINT WARNING * * *
You take 13 damage, and have 17/61 hp.
MASSIVE DAMAGE!!
It was a potion of magic.
Magic courses through your body. Menkaure casts a spell at you.
You struggle to resist.
You hit Menkaure with your +2 dagger of protection.
Your headbutt misses Menkaure.
Menkaure is moderately damaged.
You hit Menkaure with your +1 hand axe of chaos.
You burn Menkaure. Menkaure hits you!
* * * LOW HITPOINT WARNING * * *
You take 9 damage, and have 8/61 hp.
You hit Menkaure with your +2 dagger of protection.
Menkaure is severely damaged.
You barely miss Menkaure with your +1 hand axe of chaos.
Menkaure hits you but does no damage.
You hit Menkaure with your +1 hand axe of chaos.
Menkaure seems to speed up.
Menkaure is almost destroyed.
You barely miss Menkaure with your +2 dagger of protection.
Menkaure hits you!
You die...

#.....#......#
#.....#......#
#.....#......#########
#.....#......##......#
#.....#......##......#
#.....'..............#
#.....#..............#
#....M#......##......#
#....@#......##......#
#.....#########......+
#.....#.......#......#
#.....#.......'......#
#.....#......##......#
#.....#.)....##......#
#....†#########.......
#.....# #.......
#.....# #.......


You could see Menkaure (fast).

Vanquished Creatures
  A shining eye (D:4)
  Sigmund (D:2)
  2 howler monkeys
  A bombardier beetle (D:4)
  3 hounds
  Natasha (twice) (D:2)
  Terence (D:3)
  4 iguanas (D:4)
  2 gnolls (D:2)
  5 adders
  A shadow imp (D:5)
  2 white imps (D:5)
  2 ribbon worms (D:2)
  3 dart slugs
  11 orcs
  5 ball pythons
  7 bats
  4 endoplasms
  3 giant cockroaches
  7 goblins
  6 hobgoblins
  9 jackals
  4 quokkas
  9 frilled lizards
  8 kobolds
  8 rats
111 creatures vanquished.

Vanquished Creatures (collateral kills)
  Natasha (D:2)
  2 gnolls (D:2)
3 creatures vanquished.

Vanquished Creatures (others)
  A bat zombie (D:2)
1 creature vanquished.

Grand Total: 115 creatures vanquished

Notes
Turn   | Place    | Note
-------+----------+-------------------------------------------
     0 | D:1      | ezpacito the Coglin Chaos Knight began the quest for the
                  | Orb.
     0 | D:1      | Reached XP level 1. HP: 18/18 MP: 1/1
    35 | D:1      | Reached skill level 1 in Dodging
    47 | D:1      | Reached XP level 2. HP: 21/24 MP: 2/2
   386 | D:1      | Reached skill level 1 in Polearms
   386 | D:1      | Reached XP level 3. HP: 29/29 MP: 3/3
   753 | D:1      | XOM is BORED!
  1041 | D:2      | Noticed Natasha
  1050 | D:2      | Killed Natasha
  1051 | D:2      | Reached XP level 4. HP: 11/35 MP: 4/4
  1086 | D:2      | XOM: 1-stop teleportation journey
  1088 | D:2      | XOM: enchant monster (good)
  1089 | D:2      | XOM: silly message
  1102 | D:2      | XOM: divination: detect items
  1105 | D:2      | XOM: divination: detect creatures
  1179 | D:2      | Noticed Natasha
  1182 | D:2      | XOM: summons 2 friendly demons
  1187 | D:2      | HP: 1/35 [Natasha (2)]
  1190 | D:2      | Killed Natasha
  1191 | D:2      | Reached XP level 5. HP: 3/41 MP: 4/6
  1234 | D:2      | Noticed Natasha
  1240 | D:2      | Killed Natasha
  1510 | D:2      | XOM: torment (19/42 hp)
  1651 | D:2      | Noticed Sigmund
  1662 | D:2      | Killed Sigmund
  1663 | D:2      | Reached skill level 1 in Stealth
  1663 | D:2      | Reached skill level 1 in Spellcasting
  1663 | D:2      | Reached skill level 1 in Evocations
  1663 | D:2      | Reached XP level 6. HP: 48/48 MP: 7/7
  1906 | D:3      | XOM: 6-stop teleportation journey
  1921 | D:3      | Noticed Terence
  1929 | D:3      | Killed Terence
  2135 | D:3      | XOM: god gift: pair of gloves {god gift}
  2147 | D:3      | Found Tazoetyo's Jewellery Shop.
  2199 | D:3      | Found Odibod's Armour Boutique.
  2231 | D:3      | Found Tiliy's Magic Scroll Shop.
  2233 | D:3      | Found Hinu's Distillery.
  2237 | D:3      | Bought a scroll of identify for 26 gold pieces
  2237 | D:3      | Bought a scroll of identify for 26 gold pieces
  2241 | D:3      | XOM: 3-stop teleportation journey
  2343 | D:3      | Noticed Ijyb
  2354 | D:3      | Ijyb changed into Ijyb the orc
  2354 | D:3      | Noticed Ijyb
  2354 | D:3      | Killed Ijyb the orc
  2467 | D:3      | XOM: noise
  2563 | D:4      | XOM: summons 2 hostile demons
  2584 | D:4      | Reached XP level 7. HP: 52/54 MP: 8/8
  2824 | D:4      | XOM: god gift: boomerang
  2924 | D:4      | Found a stormy altar of Qazlal.
  3183 | D:4      | a jackal changed into a shining eye
  3183 | D:4      | Noticed a shining eye
  3183 | D:4      | XOM: polymorph jackal -> shining eye
  3187 | D:4      | Killed a shining eye
  3188 | D:4      | Reached XP level 8. HP: 61/61 MP: 10/10
  3310 | D:4      | Found a sparkling altar of Nemelex Xobeh.
  3333 | D:4      | XOM: give mutation
  3333 | D:4      | Gained mutation: You have hidden genetic defects. [Xom's
                  | mischief]
  3536 | D:5      | Entered Level 5 of the Dungeon
  3761 | D:5      | XOM: give mutations
  3761 | D:5      | Gained mutation: You possess an exceptional clarity of
                  | mind. [Xom's mischief]
  3761 | D:5      | Gained mutation: You have a pair of small horns on your
                  | head. [Xom's mischief]
  3761 | D:5      | Gained mutation: You are weak. (Str -2) [Xom's mischief]
  3761 | D:5      | Gained mutation: Armour fits poorly on your strangely
                  | shaped body. [Xom's mischief]
  3763 | D:5      | XOM: silly message
  3768 | D:5      | XOM: swap monsters
  3769 | D:5      | Noticed Menkaure
  3777 | D:5      | Slain by Menkaure

Illustrated notes

Levels and vault maps discovered:
D:1:      dpeg_arrival_houses_and_road, layout_basic, serial_glass,
          glass_columns_a, glass_columns_b
D:2:      layout_rooms, uniq_sigmund, uniq_natasha
D:3:      layout_loops_ring, serial_shops, shop, shop, shop, shop, uniq_ijyb,
          uniq_terence
D:4:      layout_basic, mainiacjoe_overflow_24_doors,
          nemelex_diamond_rough_becter
D:5:      layout_gridville, temple_fountains, uniq_menkaure

Skill      XL: |  1  2  3  4  5  6  7  8 |
---------------+-------------------------+-----
Dodging        | 1 2 3 |  3.6
Armour         | 2 3 4 |  4.0
Polearms       | 1 2 |  2.5
Fighting       | 4 |  4.9
Stealth        | 1 2 |  2.2
Spellcasting   | 1 2 |  2.0
Evocations     | 1 2 |  2.8
Axes           | 4 |  4.8

Action                     |  1- 3 |  4- 6 |  7- 9 || total
---------------------------+-------+-------+-------++-------
  Melee: Hand axe          |    74 |   124 |    88 ||   286
         Dagger            |    66 |   114 |    84 ||   264
         Headbutt          |       |       |     1 ||     1
    Use: Scroll            |       |     6 |     1 ||     7
         Potion            |       |       |     3 ||     3
   Stab: Paralysed         |     2 |     2 |       ||     4
         Confused          |       |     2 |       ||     2
         Sleeping          |       |     1 |     3 ||     4
 Armour: Leather armour    |    45 |   105 |    58 ||   208
  Dodge: Dodged            |    49 |    95 |    49 ||   193

Table legend: (Time is in decaauts)
 A = Elapsed time spent in this place.
 B = Non-inter-level travel time spent in this place.
 C = Inter-level travel time spent in this place.
 D = Time resting spent in this place.
 E = Time spent auto-exploring this place.
 F = Levels seen in this place.
 G = Mean time per level.
                   A        B        C        D        E       F      G
               +--------+--------+--------+--------+--------+-----+--------+
         Total |   3792 |   3615 |    177 |    174 |   2634 |   5 |  758.4 |
       Dungeon |   3792 |   3615 |    177 |    174 |   2634 |   5 |  758.4 |
               +--------+--------+--------+--------+--------+-----+--------+

Top non-repeatable levels by time:
     D:1: 1055 daAuts
     D:4: 1009 daAuts
     D:2: 836 daAuts
     D:3: 649 daAuts
     D:5: 241 daAuts
